[Event "Titled Tuesday Blitz August 23 Late 2022"]
[White "Melikyan, Gnel"]
[Black "Tari, Aryan"]
[WhiteFideId "54109990"]
[BlackFideId "1510045"]
[WhiteElo "1772"]
[BlackElo "2612"]
[Result "0-1"]
[Round "02"]
[TimeControl "180+1"]
[Date "2022.08.23"]
[WhiteClock "0:00:16"]
[BlackClock "0:00:53"]

1. e4 c6 2. Nf3 d5 3. Nc3 Nf6 4. d3 Qa5 5. Bd2 dxe4 6. Nxe4 Qc7 7. Bc3 Bf5 8. Nxf6+ exf6 9. Qe2+ Be7 10. O-O-O O-O 11. g3 c5 12. Bg2 Nc6 13. Rhe1 Rfe8 14. Kb1 b5 15. Nh4 Be6 16. Qe4 Nb4 17. a3 Nd5 18. Bd2 b4 19. a4 Rab8 20. b3 Nc3+ 21. Bxc3 bxc3 22. Qc6 Qxc6 23. Bxc6 Rec8 24. Rxe6 fxe6 25. Bd7 Kf7 26. Re1 e5 27. Bxc8 Rxc8 28. Nf5 Bf8 29. Re4 Ke6 30. Ne3 f5 31. Rc4 g5 32. g4 fxg4 33. Rxg4 Be7 34. Kc1 Rf8 35. Nd1 h5 36. Re4 g4 37. Re2 Bg5+ 38. Kb1 Bd2 39. Ka2 Rf3 40. b4 cxb4 41. d4 Rh3 42. Rxe5+ Kd6 43. Kb3 Rxh2 44. Kxb4 h4 45. Kc4 h3 46. Nxc3 Bxc3 47. Kxc3 Rxf2 48. Rg5 h2 0-1


[Site "https://www.chess.com"]

[Event "Titled Tuesday Blitz August 23 Late 2022"]
[White "Mitrabha, Guha"]
[Black "Ladopoulos, Dimitrios"]
[WhiteFideId "5057000"]
[BlackFideId "4239580"]
[WhiteElo "2499"]
[BlackElo "2195"]
[Result "0-1"]
[Round "02"]
[TimeControl "180+1"]
[Date "2022.08.23"]
[WhiteClock "0:00:05"]
[BlackClock "0:00:26"]

1. c4 e6 2. Nc3 Nf6 3. e4 Nc6 4. d4 e5 5. d5 Ne7 6. Be3 Ng6 7. h4 Bb4 8. h5 Ne7 9. f3 Bxc3+ 10. bxc3 h6 11. c5 d6 12. g4 b6 13. c6 a5 14. Ne2 Ba6 15. Ng3 Bxf1 16. Kxf1 Qc8 17. Qd3 Qa6 18. c4 Nh7 19. Kg2 Nf6 20. Rab1 Qc8 21. Rb5 Kf8 22. Qd2 Neg8 23. Nf5 Ne7 24. Nxh6 Nxe4 25. fxe4 gxh6 26. Bxh6+ Ke8 27. Kf3 Rg8 28. Bg5 f6 29. Rbb1 Rxg5 30. Rbg1 Kf7 31. h6 Kg8 32. h7+ Kh8 33. Rh6 Qf8 34. Rgh1 Qg7 35. R1h4 Rf8 36. Qe3 f5 37. exf5 Nxf5 38. gxf5 Rg3+ 39. Ke2 Rxe3+ 40. Kxe3 Qg3+ 41. Kd2 Rxf5 42. Rh2 Rf2+ 43. Rxf2 Qxf2+ 44. Kd1 Qf1+ 45. Kc2 Qxc4+ 46. Kb2 Qe2+ 0-1


[Site "https://www.chess.com"]

[Event "Titled Tuesday Blitz August 23 Late 2022"]
[White "Nasuta, Grzegorz"]
[Black "Martinez Alcantara, Jose Eduardo"]
[WhiteFideId "1141686"]
[BlackFideId "3805662"]
[WhiteElo "2354"]
[BlackElo "2703"]
[Result "1-0"]
[Round "02"]
[TimeControl "180+1"]
[Date "2022.08.23"]
[WhiteClock "0:01:02"]
[BlackClock "0:01:21"]

1. e4 c5 2. Nf3 d6 3. Bb5+ Nd7 4. a4 a6 5. Be2 Ngf6 6. Nc3 e6 7. d4 cxd4 8. Qxd4 b6 9. O-O Bb7 10. Nd2 Qc7 11. Rd1 Rd8 12. Nc4 d5 13. exd5 Nxd5 14. Nxd5 Bxd5 15. Bf4 Qc5 16. Qxc5 Bxc5 17. Nd6+ Bxd6 18. Bxd6 Bb7 19. f3 Rc8 20. Rd2 f6 21. Rad1 Kf7 22. Bg3 Nb8 23. Rd7+ Nxd7 24. Rxd7+ Kg8 25. Rxb7 Rxc2 26. Bxa6 h5 27. Rb8+ Kh7 28. Bd3+ 1-0


[Site "https://www.chess.com"]

[Event "Titled Tuesday Blitz August 23 Late 2022"]
[White "Navarrete Mendez, Gonzalo Alberto"]
[Black "Jones, Gawain C B"]
[WhiteFideId "5106850"]
[BlackFideId "409561"]
[WhiteElo "2261"]
[BlackElo "2657"]
[Result "0-1"]
[Round "02"]
[TimeControl "180+1"]
[Date "2022.08.23"]
[WhiteClock "0:00:01"]
[BlackClock "0:00:28"]

1. e4 c5 2. Nf3 g6 3. Nc3 Bg7 4. Bc4 Nc6 5. O-O e6 6. d4 cxd4 7. Nb5 d6 8. Bg5 Nge7 9. Nfxd4 Nxd4 10. Nxd4 a6 11. Bb3 h6 12. Bh4 g5 13. Bg3 h5 14. h4 Ng6 15. hxg5 h4 16. Bh2 h3 17. Nf3 hxg2 18. Kxg2 Bxb2 19. Rb1 Be5 20. Nxe5 dxe5 21. Qxd8+ Kxd8 22. Bg3 Bd7 23. Rfd1 Ke7 24. Bc4 Bc6 25. f3 Rh5 26. Kf2 Rah8 27. Rg1 Rd8 28. Bd3 Rg8 29. Rh1 Rxg5 30. Rbg1 Kd6 31. Rh7 Nf4 32. Bf1 Be8 33. Rh6 Kc5 34. Rf6 Rxg3 35. Rxg3 Rxg3 36. Rh6 Rg8 37. Rh1 Bb5 38. Bxb5 Rg2+ 39. Ke3 axb5 40. Re1 Kc4 41. a4 bxa4 42. c3 a3 43. Re2 Rxe2# 0-1


[Site "https://www.chess.com"]

[Event "Titled Tuesday Blitz August 23 Late 2022"]
[White "Shimanov, Aleksandr"]
[Black "Janaszak, Dawid"]
[WhiteFideId "4198603"]
[BlackFideId "1119206"]
[WhiteElo "2605"]
[BlackElo "2165"]
[Result "1-0"]
[Round "02"]
[TimeControl "180+1"]
[Date "2022.08.23"]
[WhiteClock "0:00:08"]
[BlackClock "0:00:01"]

1. e4 c5 2. Nf3 Nc6 3. Nc3 g6 4. d4 cxd4 5. Nxd4 Bg7 6. Nxc6 bxc6 7. Bc4 d6 8. O-O Nf6 9. Bg5 O-O 10. Qd2 Rb8 11. Bb3 Ba6 12. Rfe1 Nd7 13. Rad1 Nc5 14. Bh6 Nxb3 15. axb3 Qb6 16. Bxg7 Kxg7 17. Re3 h5 18. f4 f6 19. Kh1 Bc8 20. h3 Qc5 21. Ne2 Be6 22. Nd4 Bd7 23. Nf3 Rb7 24. e5 fxe5 25. fxe5 d5 26. e6 Be8 27. Rde1 Rf6 28. Re5 Qb4 29. Qe3 Qf4 30. Qc3 Qb4 31. Kg1 a5 32. Qe3 a4 33. Nd2 axb3 34. Nxb3 Qf4 35. Qxf4 Rxf4 36. Nc5 Rxb2 37. Nd3 Rfb4 38. Nxb4 Rxb4 39. R5e3 Rc4 40. c3 c5 41. Ra1 Bb5 42. Ra5 Bc6 43. Ra6 Bb5 44. Rb6 Ba4 45. Rf3 d4 46. cxd4 cxd4 47. Rf7+ Kh6 48. Rxe7 d3 49. Rd6 Bb5 50. Kh2 Re4 51. Rb7 Bc4 52. Rbb6 Re2 53. Rbc6 Bd5 54. Rxd5 1-0


[Site "https://www.chess.com"]

[Event "Titled Tuesday Blitz August 23 Late 2022"]
[White "Sjugirov, Sanan"]
[Black "Claverie, Christophe"]
[WhiteFideId "4189302"]
[BlackFideId "605514"]
[WhiteElo "2609"]
[BlackElo "2300"]
[Result "1-0"]
[Round "02"]
[TimeControl "180+1"]
[Date "2022.08.23"]
[WhiteClock "0:00:29"]
[BlackClock "0:00:20"]

1. e4 c5 2. Nf3 d6 3. d4 cxd4 4. Nxd4 Nf6 5. Nc3 Nc6 6. Bg5 Bd7 7. Nxc6 bxc6 8. Bc4 e6 9. Bb3 h6 10. Bh4 Qa5 11. O-O Qh5 12. Qxh5 Nxh5 13. Rad1 g5 14. Bg3 Nxg3 15. hxg3 d5 16. Rfe1 Kd8 17. Na4 Kc7 18. exd5 cxd5 19. c4 dxc4 20. Rc1 Bxa4 21. Rxc4+ Kb6 22. Bxa4 Bg7 23. Rec1 Rad8 24. Rc6+ Ka5 25. R6c5+ Ka6 26. b4 Bd4 27. Rc7 Rhf8 28. Bb3 Bb6 29. Bc4# 1-0


[Site "https://www.chess.com"]

[Event "Titled Tuesday Blitz August 23 Late 2022"]
[White "Stearman, Josiah"]
[Black "Chigaev, Maksim"]
[WhiteFideId "2062496"]
[BlackFideId "4108116"]
[WhiteElo "2402"]
[BlackElo "2487"]
[Result "0-1"]
[Round "02"]
[TimeControl "180+1"]
[Date "2022.08.23"]
[WhiteClock "0:00:37"]
[BlackClock "0:00:53"]

1. e4 c5 2. Nc3 d6 3. g3 Nc6 4. Bg2 g6 5. d3 Bg7 6. Be3 Nf6 7. h3 O-O 8. f4 Rb8 9. Nge2 Nd7 10. O-O Nd4 11. Qd2 b5 12. f5 b4 13. Nd1 a5 14. Nxd4 cxd4 15. Bh6 Ne5 16. g4 f6 17. Bxg7 Kxg7 18. fxg6 hxg6 19. Nf2 Bd7 20. c4 bxc3 21. bxc3 Qb6 22. Rac1 Rfc8 23. c4 Qb4 24. Qe2 Ba4 25. g5 Qb2 26. gxf6+ exf6 27. Qe1 Qb4 28. Qe2 Qa3 29. Ng4 Rb2 30. Qe1 Nxg4 31. hxg4 Qxd3 32. Rf3 Qd2 33. Qf1 Qg5 34. Rb1 Rcb8 35. Rxb2 Rxb2 36. c5 Bb5 37. Qe1 Qxc5 38. Qh4 Rb1+ 39. Kh2 Qe5+ 40. Kh3 Bd7 0-1


[Site "https://www.chess.com"]

[Event "Titled Tuesday Blitz August 23 Late 2022"]
[White "Suder, Jakub"]
[Black "Hansen, Eric"]
[WhiteFideId "1195310"]
[BlackFideId "2606771"]
[WhiteElo "2095"]
[BlackElo "2568"]
[Result "1/2-1/2"]
[Round "02"]
[TimeControl "180+1"]
[Date "2022.08.23"]
[WhiteClock "0:00:15"]
[BlackClock "0:00:04"]

1. d4 Nf6 2. c4 e6 3. Nc3 Bb4 4. e3 O-O 5. Nf3 c5 6. Bd3 d6 7. O-O Nc6 8. Bd2 e5 9. dxe5 dxe5 10. Qc2 Bxc3 11. Bxc3 Qe7 12. Ng5 h6 13. Nh7 Rd8 14. Nxf6+ Qxf6 15. Rfd1 Bg4 16. f3 Be6 17. b3 Nb4 18. Bxb4 cxb4 19. Bh7+ Kf8 20. Be4 Qe7 21. Bd5 g6 22. e4 Rac8 23. Qf2 b6 24. Qe3 Kg7 25. Rd2 Bd7 26. Rf1 Qg5 27. Kf2 Be8 28. Rfd1 Rc5 29. g3 Qf6 30. Kg2 Ra5 31. Rf1 Qg5 32. Qe2 Rc5 33. Kh1 Qe7 34. f4 exf4 35. gxf4 Bc6 36. f5 Qg5 37. Qf2 Bxd5 38. exd5 Rc7 39. Re2 Kh7 40. fxg6+ fxg6 41. Rg1 Qh5 42. Re6 Rg8 43. Qg3 Rcg7 44. Qg4 Qxg4 45. Rxg4 Rd7 46. Rf4 b5 47. Kg2 bxc4 48. bxc4 a5 49. Rb6 Rc8 50. Rg4 g5 51. h4 Rdc7 52. hxg5 Rxc4 53. Rxc4 Rxc4 54. Rxh6+ Kg7 55. Kf3 Rd4 56. d6 a4 57. Ke3 Rd5 58. Re6 Kf7 59. Re7+ Kg6 60. d7 b3 61. axb3 axb3 62. Re6+ Kxg5 63. Rb6 Rxd7 64. Rxb3 Kf6 65. Rd3 Rxd3+ 66. Kxd3 1/2-1/2


[Site "https://www.chess.com"]

[Event "Titled Tuesday Blitz August 23 Late 2022"]
[White "Taichman, Ori"]
[Black "Pichot, Alan"]
[WhiteFideId "2804069"]
[BlackFideId "110973"]
[WhiteElo "2227"]
[BlackElo "2578"]
[Result "1-0"]
[Round "02"]
[TimeControl "180+1"]
[Date "2022.08.23"]
[WhiteClock "0:00:49"]
[BlackClock "0:01:32"]

1. e4 e5 2. d4 exd4 3. Qxd4 Nc6 4. Qe3 Nf6 5. Nc3 b6 6. Bd2 Bc5 7. Qg3 O-O 8. O-O-O Re8 9. Bg5 Bd6 10. f4 Be7 11. Nf3 Bb7 12. h4 d6 13. h5 Kh8 14. Bc4 Rf8 15. Nh4 Na5 16. Ng6+ fxg6 17. hxg6 h6 18. Bxh6 gxh6 19. g7+ Kh7 20. Rxh6+ Kxh6 21. Qg5+ Kh7 22. Rh1+ Nh5 23. Rxh5# 1-0


[Site "https://www.chess.com"]

[Event "Titled Tuesday Blitz August 23 Late 2022"]
[White "Tatarinov, Dmitry"]
[Black "Naroditsky, Daniel"]
[WhiteFideId "24160067"]
[BlackFideId "2026961"]
[WhiteElo "2324"]
[BlackElo "2628"]
[Result "0-1"]
[Round "02"]
[TimeControl "180+1"]
[Date "2022.08.23"]
[WhiteClock "0:00:15"]
[BlackClock "0:00:07"]

1. c4 e5 2. Nc3 Bb4 3. Nd5 Be7 4. e3 Nf6 5. Nxe7 Qxe7 6. d3 O-O 7. Nf3 c6 8. b3 d5 9. Bb2 d4 10. Be2 c5 11. O-O Nc6 12. e4 Rd8 13. Bc1 h6 14. Ne1 Be6 15. g3 Bh3 16. Ng2 Qd7 17. f3 a6 18. Rf2 b5 19. f4 Ng4 20. Bxg4 Bxg4 21. Qf1 f5 22. exf5 Bxf5 23. fxe5 Rf8 24. Nh4 Bh3 25. Qe1 Rxf2 26. Qxf2 Rf8 27. Bf4 g5 28. Ng6 Rf7 29. cxb5 axb5 30. Rc1 gxf4 31. Nxf4 Nxe5 32. Qe2 Re7 33. Rxc5 Nf3+ 34. Qxf3 Re1+ 35. Kf2 Rf1+ 36. Ke2 Rxf3 37. Kxf3 Bg4+ 38. Ke4 Qa7 39. Rxb5 Qxa2 40. Kxd4 Qxh2 41. Rb8+ Kf7 42. Rb7+ Ke8 43. Nd5 Qxg3 44. Rg7 Qf2+ 45. Ke5 Qf5+ 46. Kd6 Qe6+ 47. Kc5 Kf8 48. Ra7 h5 49. Ra8+ Kg7 50. Ra7+ Kh6 51. Re7 Qc8+ 52. Rc7 Qf8+ 53. Kd4 h4 54. Rc6+ Kg5 55. Nc3 Bf3 56. Rc5+ Kg4 0-1


[Site "https://www.chess.com"]

[Event "Titled Tuesday Blitz August 23 Late 2022"]
[White "Theodorou, Nikolas"]
[Black "Ghazarian, Kirk"]
[WhiteFideId "4262875"]
[BlackFideId "30908604"]
[WhiteElo "2484"]
[BlackElo "2074"]
[Result "1-0"]
[Round "02"]
[TimeControl "180+1"]
[Date "2022.08.23"]
[WhiteClock "0:01:18"]
[BlackClock "0:00:16"]

1. Nf3 c5 2. g3 g6 3. Bg2 Bg7 4. O-O Nc6 5. c4 Nh6 6. Nc3 d6 7. b3 Nf5 8. Bb2 h5 9. h4 O-O 10. e3 e5 11. Ng5 f6 12. Bd5+ Kh8 13. Nf7+ Rxf7 14. Bxf7 Nfe7 15. Bxg6 Bg4 16. f3 Bh3 17. Bxh5 Bxf1 18. Qxf1 f5 19. g4 Qg8 20. g5 Qh7 21. Bf7 Qxh4 22. Qg2 Nb4 23. Kf1 e4 24. f4 Rf8 25. Ke2 Rxf7 26. Rh1 Qxh1 27. Qxh1+ Kg8 28. Nxe4 fxe4 29. Bxg7 Kxg7 30. Qxe4 Nbc6 31. a3 a5 32. Qe6 Nf5 33. Kd3 Nd8 34. Qe8 Nc6 35. Qe4 Ng3 36. Qg2 Nf5 37. Qh3 Nce7 38. e4 Nd4 39. f5 Nec6 40. Qh6+ Kg8 41. Qg6+ Rg7 42. Qe8+ Kh7 43. g6+ Kh6 44. Qh8+ Kg5 45. Qxg7 Ne5+ 46. Qxe5 dxe5 47. g7 1-0


[Site "https://www.chess.com"]

[Event "Titled Tuesday Blitz August 23 Late 2022"]
[White "Tomiello, Lucas Costamilan"]
[Black "Bryakin, Mikhail"]
[WhiteFideId "22701940"]
[BlackFideId "4165314"]
[WhiteElo "1998"]
[BlackElo "2353"]
[Result "0-1"]
[Round "02"]
[TimeControl "180+1"]
[Date "2022.08.23"]
[WhiteClock "0:00:14"]
[BlackClock "0:01:46"]

1. e4 d5 2. exd5 Qxd5 3. Nc3 Qe5+ 4. Be2 Bg4 5. d4 Bxe2 6. Ngxe2 Qa5 7. O-O Nf6 8. Re1 Nc6 9. Be3 O-O-O 10. Qc1 e6 11. a3 Ng4 12. b4 Qh5 13. h3 Nxe3 14. Qxe3 Bd6 15. Ne4 Rhe8 16. c4 f5 17. Nxd6+ Rxd6 18. Nf4 Qh6 19. d5 Nd8 20. c5 Ra6 21. b5 Ra4 22. Nxe6 Qxe3 23. Rxe3 Nxe6 24. dxe6 Re4 25. Rxe4 fxe4 26. Re1 Rxe6 27. Re3 Re5 28. a4 Kd7 29. f3 Ke6 30. fxe4 Rxc5 31. Kf2 Rc4 32. a5 Rc5 33. Rb3 Ke5 34. Ke3 Rc4 35. Kd3 Rd4+ 36. Kc2 Rxe4 37. Rc3 Kd6 38. Rg3 g6 39. Rg5 Re5 40. Rxe5 Kxe5 41. Kc3 Kd5 42. Kb4 b6 43. a6 Kd4 0-1


[Site "https://www.chess.com"]

[Event "Titled Tuesday Blitz August 23 Late 2022"]
[White "Vovk, Orest"]
[Black "Vasquez Schroeder, Rodrigo"]
[WhiteFideId "14113490"]
[BlackFideId "3400042"]
[WhiteElo "2203"]
[BlackElo "2567"]
[Result "1/2-1/2"]
[Round "02"]
[TimeControl "180+1"]
[Date "2022.08.23"]
[WhiteClock "0:00:06"]
[BlackClock "0:01:00"]

1. h4 c5 2. h5 h6 3. Nc3 Nf6 4. e4 d6 5. d3 Nc6 6. Be2 a6 7. Be3 e5 8. g4 Be6 9. g5 hxg5 10. Bxg5 Be7 11. f4 exf4 12. Bxf4 Qb6 13. Qd2 d5 14. exd5 Nxd5 15. Nxd5 Bxd5 16. Bf3 Qxb2 17. Rd1 Bxf3 18. Nxf3 Qf6 19. Qe3 Qe6 20. Qxe6 fxe6 21. Ne5 Nxe5 22. Bxe5 Bf6 23. Bxf6 gxf6 24. Rb1 O-O-O 25. Rb6 Rhe8 26. Kd2 Kc7 27. Rhb1 Rb8 28. h6 Re7 29. h7 Rxh7 30. Rxe6 Rf7 31. Ke3 Rh8 32. Rf1 Rh6 33. Rf5 b6 34. a4 a5 35. c4 Rh3+ 36. Ke2 Rh2+ 37. Ke3 Ra2 38. Rfxf6 Rxf6 39. Rxf6 Rxa4 40. Ke4 Rb4 41. Kd5 a4 42. Rf7+ Kd8 43. Ra7 Kc8 44. Kc6 Kb8 45. Rb7+ Ka8 46. Rh7 a3 47. Rh8+ Ka7 48. Rh7+ Ka6 49. Rh8 Ka7 50. Rh7+ Ka8 51. Rh8+ Ka7 1/2-1/2


[Site "https://www.chess.com"]

[Event "Titled Tuesday Blitz August 23 Late 2022"]
[White "Xiong, Jeffery"]
[Black "Fishbein, Alexander"]
[WhiteFideId "2047640"]
[BlackFideId "2000377"]
[WhiteElo "2714"]
[BlackElo "2410"]
[Result "1-0"]
[Round "02"]
[TimeControl "180+1"]
[Date "2022.08.23"]
[WhiteClock "0:00:08"]
[BlackClock "0:00:02"]

1. d4 Nf6 2. c4 g6 3. Nc3 Bg7 4. e4 O-O 5. Be2 d6 6. Be3 a6 7. Nf3 Nbd7 8. O-O c5 9. h3 cxd4 10. Nxd4 Re8 11. Qc2 b6 12. a4 Bb7 13. a5 Nc5 14. axb6 Nfxe4 15. b4 Nxc3 16. Qxc3 Ne4 17. Qd3 e5 18. Nb3 d5 19. Na5 Qb8 20. cxd5 Nd6 21. Nc6 Qc8 22. Rac1 Qd7 23. Rfd1 Rac8 24. Na5 e4 25. Qb3 Nf5 26. Bc5 e3 27. fxe3 Bh6 28. Bg4 Rxc5 29. bxc5 Bxe3+ 30. Qxe3 Rxe3 31. c6 Qd6 32. cxb7 Qxb6 33. Kh1 Ng3+ 34. Kh2 Re8 35. Rc8 Qd6 36. Rxe8+ Kg7 37. b8=Q Nf1+ 38. Kg1 Qc5+ 39. Kxf1 1-0


[Site "https://www.chess.com"]

[Event "Titled Tuesday Blitz August 23 Late 2022"]
[White "Aghasiyev, Kamal"]
[Black "Theodorou, Nikolas"]
[WhiteFideId "13402854"]
[BlackFideId "4262875"]
[WhiteElo "2210"]
[BlackElo "2484"]
[Result "0-1"]
[Round "03"]
[TimeControl "180+1"]
[Date "2022.08.23"]
[WhiteClock "0:01:00"]
[BlackClock "0:01:39"]

1. d4 Nf6 2. c4 g6 3. Nc3 Bg7 4. e4 d6 5. Be2 O-O 6. Bg5 c6 7. Qd2 d5 8. Bxf6 Bxf6 9. cxd5 cxd5 10. Nxd5 Bg7 11. Nf3 Nc6 12. Rd1 Bg4 13. O-O Bxf3 14. Bxf3 Nxd4 15. Be2 e6 16. Nc3 Qb6 17. Na4 Qc6 18. Nc3 Rfd8 19. Qe3 Qb6 20. Na4 Qb4 21. b3 b5 22. Nb2 Qa3 23. Rb1 Qxa2 24. e5 Qxb3 25. Qxb3 Nxb3 26. Bxb5 Nd2 27. f4 Nxb1 0-1


[Site "https://www.chess.com"]

[Event "Titled Tuesday Blitz August 23 Late 2022"]
[White "Beerdsen, Thomas"]
[Black "Barria Zuniga, Daniel"]
[WhiteFideId "1030108"]
[BlackFideId "3400816"]
[WhiteElo "2567"]
[BlackElo "2414"]
[Result "1-0"]
[Round "03"]
[TimeControl "180+1"]
[Date "2022.08.23"]
[WhiteClock "0:01:53"]
[BlackClock "0:00:02"]

1. e4 c5 2. Nf3 e6 3. d4 cxd4 4. Bg5 Qc7 5. Nxd4 a6 6. Bd3 Nf6 7. O-O Be7 8. Nc3 O-O 9. Qf3 d6 10. Qg3 Nc6 11. Nxc6 bxc6 12. Rae1 e5 13. Qh4 h6 14. Bd2 Nh7 15. Qg3 Bg5 16. f4 exf4 17. Bxf4 Bxf4 18. Rxf4 Be6 19. Kh1 a5 20. Ne2 Qb6 21. b3 Qc5 22. a4 Qe5 23. Ref1 Rab8 24. Qe3 Rb4 25. Ng3 c5 26. Nf5 c4 27. bxc4 Bxc4 28. Rg4 g6 29. Nxh6+ Kg7 30. Nf5+ Kh8 31. Qh6 1-0


[Site "https://www.chess.com"]

[Event "Titled Tuesday Blitz August 23 Late 2022"]
[White "Bryakin, Mikhail"]
[Black "Danielyan, Vahe"]
[WhiteFideId "4165314"]
[BlackFideId "13304828"]
[WhiteElo "2353"]
[BlackElo "2421"]
[Result "0-1"]
[Round "03"]
[TimeControl "180+1"]
[Date "2022.08.23"]
[WhiteClock "0:00:07"]
[BlackClock "0:00:11"]

1. Nf3 d5 2. b3 Bg4 3. Bb2 Bxf3 4. gxf3 Nd7 5. f4 Ngf6 6. e3 e6 7. Bg2 Bd6 8. Nc3 c6 9. Ne2 h6 10. Ng3 Qe7 11. a4 Rg8 12. Qe2 O-O-O 13. O-O-O Kb8 14. Kb1 Ba3 15. Ba1 Bd6 16. Rhg1 c5 17. Ka2 c4 18. Bd4 Rc8 19. Rb1 cxb3+ 20. cxb3 Rc2+ 21. Rb2 Rgc8 22. Qd3 R2c7 23. Bc3 Nc5 24. Qe2 Na6 25. Rd1 Nb4+ 26. Kb1 Nd7 27. Bf1 f6 28. Qg4 g5 29. fxg5 hxg5 30. f4 Qh7+ 31. f5 Qxh2 32. Ne2 Qh7 33. Bh3 Nd3 34. Rc2 N7e5 35. Qg2 exf5 36. Qxd5 g4 37. Bg2 Qf7 38. Qxf7 Nxf7 39. Nd4 Be5 40. Nxf5 Ng5 41. Bd5 g3 42. Rg1 Nf2 43. Bxe5 fxe5 44. Rxc7 Kxc7 45. Rxg3 Nge4 46. Bxe4 Nxe4 47. Rg7+ Kb6 48. Rd7 Rf8 49. Ne7 Rf2 50. Kc2 Ng3 51. Rd6+ Kc5 52. Rd8 Nf1 53. Kd1 Rh2 54. Rd5+ Kb4 55. Rd7 b6 56. Nc6+ Kxb3 57. Nxe5 a5 58. Ke1 Ng3 59. Nd3 Kxa4 60. Nc1 Rh1+ 61. Kf2 Ne4+ 62. Kf3 Nxd2+ 63. Ke2 Rxc1 64. Rxd2 Rc6 65. Rb2 b5 66. e4 b4 67. Ra2+ Kb5 68. Rd2 a4 69. e5 Re6 70. Rd5+ Kc4 71. Ra5 a3 72. Kd2 Kb3 73. Kd3 a2 74. Kd4 Kb2 75. Kd5 Rxe5+ 76. Kxe5 a1=Q 77. Rxa1 Kxa1 78. Kd4 b3 0-1


[Site "https://www.chess.com"]

[Event "Titled Tuesday Blitz August 23 Late 2022"]
[White "Buchenau, Frank"]
[Black "Papasimakopoulos, Alexandros"]
[WhiteFideId "4604350"]
[BlackFideId "4244125"]
[WhiteElo "2157"]
[BlackElo "2357"]
[Result "0-1"]
[Round "03"]
[TimeControl "180+1"]
[Date "2022.08.23"]
[WhiteClock "0:00:09"]
[BlackClock "0:01:36"]

1. e4 e6 2. Nf3 d5 3. Nc3 Nf6 4. e5 Nfd7 5. d4 c5 6. dxc5 Nc6 7. Bf4 Bxc5 8. Bd3 h6 9. Bg3 g5 10. Qe2 g4 11. Nd2 h5 12. Nb3 Bb4 13. O-O a6 14. Nxd5 exd5 15. e6 Nf6 16. exf7+ Kxf7 17. f3 h4 18. Bf2 g3 19. hxg3 hxg3 20. Bxg3 Bd6 21. Qf2 Be6 22. Rae1 Bxg3 23. Qxg3 Qb8 24. f4 Qg8 25. Qf2 Qg4 26. Qb6 Rag8 27. Qxb7+ Bd7 28. Re2 Qg3 29. Nc5 Rh2 30. Nxd7 Rxg2+ 31. Rxg2 Qxg2# 0-1


[Site "https://www.chess.com"]

[Event "Titled Tuesday Blitz August 23 Late 2022"]
[White "Carlsen, Magnus"]
[Black "Shirov, Alexei"]
[WhiteFideId "1503014"]
[BlackFideId "2209390"]
[WhiteElo "2830"]
[BlackElo "2678"]
[Result "1-0"]
[Round "03"]
[TimeControl "180+1"]
[Date "2022.08.23"]
[WhiteClock "0:00:46"]
[BlackClock "0:00:20"]

1. c4 c6 2. Nf3 d5 3. e3 Nf6 4. Nc3 Nbd7 5. cxd5 cxd5 6. d4 a6 7. a4 b6 8. Ne5 e6 9. f4 Bb4 10. Bd2 Bxc3 11. Bxc3 Ne4 12. Bb4 Nxe5 13. dxe5 Qh4+ 14. g3 Nxg3 15. hxg3 Qxh1 16. Qd4 Rb8 17. Bd6 Rb7 18. O-O-O Qe4 19. Qxe4 dxe4 20. Bxa6 f6 21. Bxb7 Bxb7 22. Bc7 Ke7 23. exf6+ gxf6 24. Bxb6 Rc8+ 25. Kb1 Ba6 26. Rh1 Rg8 27. b4 Bd3+ 28. Kb2 Rxg3 29. Rxh7+ Kd6 30. b5 Rg1 31. Rf7 f5 32. Bd4 Kd5 33. Rc7 Rb1+ 34. Ka3 1-0


[Site "https://www.chess.com"]

[Event "Titled Tuesday Blitz August 23 Late 2022"]
[White "Caruana, Fabiano"]
[Black "Goltsev, Dmitry"]
[WhiteFideId "2020009"]
[BlackFideId "24176710"]
[WhiteElo "2847"]
[BlackElo "2258"]
[Result "1-0"]
[Round "03"]
[TimeControl "180+1"]
[Date "2022.08.23"]
[WhiteClock "0:00:20"]
[BlackClock "0:00:03"]

1. c4 Nf6 2. Nc3 e5 3. e3 c6 4. Nf3 Bd6 5. d4 exd4 6. Nxd4 O-O 7. Be2 Bc7 8. O-O d5 9. cxd5 Nxd5 10. Nxd5 Qxd5 11. Qc2 Nd7 12. b3 Qe5 13. g3 c5 14. Nb5 Bb8 15. Bb2 Qg5 16. Rad1 a6 17. Nd6 Nf6 18. Nxc8 Rxc8 19. f4 Qh6 20. Bf3 Ra7 21. Qf5 Rf8 22. Qxc5 b5 23. Qxf8+ Kxf8 24. Rd8+ Ke7 25. Rxb8 a5 26. Rxb5 Nd7 27. Ba3+ Ke8 28. Rc1 Kd8 29. Rd1 Qe6 30. Bc5 Ra6 31. Rb8+ Kc7 32. Rb7+ Kc8 33. Rdxd7 Qxd7 34. Rxd7 Kxd7 35. Be2 Ra8 36. Bb5+ Ke6 37. Bc4+ Kf5 38. Kf2 f6 39. Kf3 Rd8 40. e4+ Kg6 41. f5+ Kh6 42. Bd5 Rc8 43. Be3+ g5 44. h4 Rc2 45. hxg5+ fxg5 46. f6 a4 47. bxa4 Rc8 48. Kg4 Kg6 49. Bxg5 h5+ 50. Kf4 h4 51. gxh4 Rd8 52. f7 Kg7 53. Bxd8 Kh7 54. f8=Q Kg6 55. Qg8+ Kh5 56. Qg5# 1-0


[Site "https://www.chess.com"]

[Event "Titled Tuesday Blitz August 23 Late 2022"]
[White "Chigaev, Maksim"]
[Black "Ladopoulos, Dimitrios"]
[WhiteFideId "4108116"]
[BlackFideId "4239580"]
[WhiteElo "2487"]
[BlackElo "2195"]
[Result "1-0"]
[Round "03"]
[TimeControl "180+1"]
[Date "2022.08.23"]
[WhiteClock "0:00:53"]
[BlackClock "0:00:43"]

1. e4 e6 2. d4 d5 3. Nd2 c5 4. Ngf3 Nf6 5. exd5 Qxd5 6. Bc4 Qd7 7. dxc5 Bxc5 8. O-O Nc6 9. Qe2 O-O 10. Ne4 Nxe4 11. Qxe4 g6 12. Bh6 Re8 13. Rad1 Qc7 14. Qh4 a6 15. Bf4 Qe7 16. Bg5 Qc7 17. Bf6 Be7 18. Bxe7 Qxe7 19. Ng5 h5 20. Qf4 b5 21. Bb3 Bb7 22. Ne4 Red8 23. h3 e5 24. Qh6 1-0


[Site "https://www.chess.com"]

[Event "Titled Tuesday Blitz August 23 Late 2022"]
[White "Godzwon, Iwo"]
[Black "Kosteniuk, Alexandra"]
[WhiteFideId "21802483"]
[BlackFideId "4128125"]
[WhiteElo "2201"]
[BlackElo "2469"]
[Result "0-1"]
[Round "03"]
[TimeControl "180+1"]
[Date "2022.08.23"]
[WhiteClock "0:00:15"]
[BlackClock "0:00:26"]

1. e4 c6 2. d4 d5 3. Nc3 dxe4 4. Nxe4 Nf6 5. Nxf6+ exf6 6. Be3 Qb6 7. Qc1 Na6 8. c3 Nc7 9. Bd3 Nd5 10. Ne2 Bg4 11. O-O Qc7 12. Nf4 O-O-O 13. Nxd5 cxd5 14. Bf4 Bd6 15. Bxd6 Qxd6 16. Re1 Be6 17. Qe3 h5 18. Qf3 h4 19. h3 Kb8 20. Re3 Rde8 21. Rae1 a5 22. Bf5 Ka7 23. Qe2 Qb6 24. b3 Qc6 25. b4 Re7 26. b5 Qb6 27. a4 Rc8 28. Bc2 Rec7 29. Qd2 Qd6 30. Bb3 b6 31. Qb2 g5 32. R1e2 g4 33. hxg4 Bxg4 34. Re1 Be6 35. Rf3 Rg8 36. Ree3 h3 37. Rg3 Rxg3 38. Rxg3 hxg2 39. Kxg2 Qf4 40. Qe2 f5 41. Qe3 Qe4+ 42. Qxe4 dxe4 43. Bxe6 fxe6 44. Rg6 Rxc3 45. Rxe6 Rd3 46. Re7+ Kb8 47. Re5 Rxd4 48. Rxf5 Rxa4 49. Re5 Rb4 50. Kg3 a4 51. Re8+ Kc7 52. Re7+ Kd6 53. Ra7 Kc5 54. Kf4 Kxb5 55. Ke5 Rb2 56. Kxe4 Rxf2 57. Kd3 Kb4 58. Ke3 Rh2 59. Kf3 b5 60. Kg3 Rc2 61. Kf3 Kb3 62. Ke3 b4 63. Kd3 Rh2 64. Kd4 a3 65. Kd3 a2 0-1


[Site "https://www.chess.com"]